Map: Jagannatha LE

Players

ShoWTimE - Winner!

  • Race: Protoss Protoss
  • Spawn Location: 7:00

Zest

  • Race: Protoss Protoss
  • Spawn Location: 1:00

Event: TSL 6

VOD

Have the link to the VOD?

Description

Time

  • Played on: Dec. 13, 2020, 2:34 p.m.
  • Length: 10:05

All games in this series

Show
View Real Time Build Order
Export as new Build Order

ShoWTimE Protoss - Winner!

Build Orders: Oracle Opening 

Get SALT Encoding   

  12  0:00  Probe  
  13  0:12  Probe  
  14  0:17  Pylon  
  14  0:24  Probe (Chrono Boost)  
  15  0:36  Gateway, Probe (Chrono Boost)  
  16  0:44  Probe (Chrono Boost)  
  16  0:46  Assimilator  
  17  0:51  Probe  
  17  0:55  Assimilator  
  18  1:03  Probe (Chrono Boost)  
  19  1:09  Gateway  
  19  1:14  Probe (Chrono Boost)  
  20  1:19  Probe (Chrono Boost)  
  21  1:26  Cybernetics Core  
  21  1:29  Probe  
  22  1:36  Pylon  
  22  1:41  Probe  
  23  1:54  Probe  
  24  2:02  Adept x2  
  24  2:03  Warp Gate  
  24  2:06  Probe  
  29  2:11  Pylon  
  29  2:27  Stargate  
  29  2:32  Adept  
  29  2:34  Adept  
  32  3:00  Nexus  
  32  3:08  Oracle (Chrono Boost)  
  35  3:14  Probe  
  34  3:25  Shield Battery  
  34  3:26  Probe  
  35  3:32  Pylon  
  35  3:38  Probe  
  36  3:46  Twilight Council  
  36  3:50  Probe  
  36  3:53  Shield Battery  
  37  4:03  Probe (Chrono Boost)  
  37  4:07  Stalker x2  
  42  4:13  Probe (Chrono Boost)  
  44  4:21  Probe (Chrono Boost)  
  44  4:23  Probe (Chrono Boost)  
  45  4:28  Probe x2 (Chrono Boost)  
  45  4:29  Blink (Chrono Boost)  
  45  4:40  Probe (Chrono Boost)  
  45  4:42  Stalker  
  45  4:45  Probe (Chrono Boost)  
  49  4:47  Stalker, Probe (Chrono Boost)  
  49  4:51  Probe (Chrono Boost)  
  52  4:54  Probe  
  51  5:03  Probe  
  51  5:06  Probe  
  51  5:15  Probe  
  51  5:18  Probe  
  53  5:24  Forge  
  53  5:25  Stalker  
  53  5:26  Stalker  
  53  5:27  Probe  
  58  5:28  Assimilator  
  58  5:30  Probe  
  58  5:35  Gateway x2  
  59  5:39  Probe  
  59  5:40  Robotics Facility  
  60  5:49  Sentry  
  62  5:53  Pylon  
  62  5:54  Protoss Ground Weapons Level 1 (Chrono Boost)  
  62  5:56  Nexus  
  62  6:02  Probe  
  62  6:04  Phoenix  
  62  6:06  Pylon  
  62  6:11  Probe  
  63  6:14  Probe  
  63  6:18  Stalker, Sentry  
  65  6:23  Probe  
  67  6:28  Gateway x2, Observer  
  67  6:32  Probe  
  69  6:34  Pylon  
  69  6:35  Probe  
  69  6:37  Sentry, Stalker  
  74  6:44  Probe  
  74  6:47  Pylon, Probe  
  75  6:50  Warp Prism  
  78  6:58  Stalker x2  
  82  7:04  Stalker  
  82  7:05  Stalker  
  86  7:16  Phoenix, Probe x2  
  88  7:24  Probe  
  88  7:25  Stalker x2  
  88  7:26  Stalker x2  
  97  7:33  Probe x2  
  99  7:37  Stalker x2  
  103  7:45  Pylon  
  103  7:47  Assimilator  
  103  7:56  Stalker x3  
  109  8:02  Pylon  
  109  8:04  Pylon  
  109  8:17  Stalker x3  
  113  8:20  Stalker x2  
  113  8:23  Zealot  
  115  8:48  Stalker x5  
  115  8:50  Probe x2  
  115  8:52  Stalker  
  115  8:54  Probe  
  115  8:55  Pylon  
  130  8:57  Pylon  
  130  9:02  Probe  
  113  9:27  Stalker x6  
  95  9:51  Stalker x6  
  95  9:52  Probe x3  
Show
View Real Time Build Order
Export as new Build Order

Zest Protoss 

Build Orders: Phoenix Opening 

Get SALT Encoding   

  12  0:00  Probe  
  13  0:12  Probe  
  14  0:17  Pylon  
  14  0:24  Probe (Chrono Boost)  
  15  0:36  Gateway, Probe (Chrono Boost)  
  16  0:44  Probe (Chrono Boost)  
  16  0:46  Assimilator  
  17  0:51  Probe  
  18  1:03  Probe (Chrono Boost)  
  19  1:04  Assimilator  
  19  1:08  Gateway  
  19  1:12  Probe (Chrono Boost)  
  19  1:17  Probe (Chrono Boost)  
  20  1:25  Cybernetics Core  
  21  1:30  Probe  
  22  1:35  Pylon  
  22  1:43  Probe  
  23  1:55  Probe  
  23  2:01  Stalker x2  
  28  2:03  Warp Gate  
  28  2:12  Pylon  
  28  2:21  Pylon  
  28  2:26  Shield Battery  
  28  2:31  Sentry  
  30  2:47  Stargate  
  30  2:58  Nexus  
  30  3:10  Probe  
  31  3:22  Probe  
  31  3:23  Shield Battery  
  32  3:29  Phoenix (Chrono Boost)  
  34  3:34  Probe  
  35  3:45  Phoenix (Chrono Boost)  
  35  3:46  Probe  
  38  3:58  Probe  
  39  4:08  Phoenix (Chrono Boost)  
  41  4:10  Stalker x2, Probe  
  41  4:12  Probe  
  47  4:22  Probe  
  48  4:24  Probe  
  48  4:30  Phoenix  
  51  4:37  Probe (Chrono Boost)  
  52  4:41  Probe (Chrono Boost)  
  52  4:44  Twilight Council  
  53  4:46  Forge  
  53  4:52  Probe (Chrono Boost)  
  54  4:59  Robotics Facility  
  54  5:04  Probe  
  54  5:11  Probe  
  52  5:16  Probe  
  52  5:19  Protoss Ground Weapons Level 1  
  53  5:23  Probe  
  53  5:24  Assimilator  
  53  5:26  Assimilator  
  54  5:36  Pylon  
  54  5:37  Pylon  
  54  5:41  Pylon  
  54  5:43  Blink  
  54  5:54  Probe x2 (Chrono Boost)  
  54  5:56  Observer  
  57  6:04  Probe x2 (Chrono Boost)  
  59  6:08  Probe x2 (Chrono Boost)  
  61  6:18  Immortal (Chrono Boost)  
  61  6:20  Probe  
  61  6:22  Probe  
  61  6:25  Sentry x2  
  72  6:32  Probe  
  72  6:33  Nexus  
  72  6:35  Pylon  
  72  6:37  Probe  
  73  6:44  Probe  
  74  6:47  Immortal (Chrono Boost)  
  78  6:54  Gateway  
  78  6:56  Gateway  
  78  6:58  Probe  
  79  7:03  Probe  
  80  7:10  Probe  
  80  7:11  Pylon  
  80  7:12  Gateway x2  
  81  7:18  Immortal (Chrono Boost)  
  85  7:27  Pylon  
  85  7:31  Sentry x2  
  89  7:37  Gateway  
  89  7:38  Gateway  
  89  7:47  Warp Prism (Chrono Boost), Probe x2  
  89  7:49  Observer  
  93  8:04  Stalker x4  
  101  8:08  Pylon  
  101  8:16  Stalker x2  
  105  8:37  Stalker x6  
  111  8:42  Observer (Chrono Boost)  
  111  8:47  Stalker x2  
  114  9:05  Stalker  
  115  9:12  Zealot  
  112  9:21  Zealot x6  
  112  9:24  Cybernetics Core  
  112  9:30  Zealot  
  86  9:42  Zealot x3  
  82  9:51  Zealot x5  
Tags
 
Add a new tag
Caveats
  • Supply blocks, unpowered buildings, or Contaminate may cause inaccurate times.
  • Supply counts are checked every 10 seconds.